PA
COLUMBIA RIVER RATS @ GWINNETT COUNTY BLACK CATS
08/28/2025
 
TOP OF THE 1ST
Columbia River Rats batting - Pitching for Gwinnett County Black Cats : LHP Luis Valéncia
Pitching: LHP Luis Valéncia
Batting: RHB Gil Simmons 0-0: Foul Ball, location: 2F
0-1: Foul Ball, location: 2F
0-2: Ball
1-2: Ball
2-2: Ball
3-2: Strikes out swinging
Batting: RHB José Valéncia 0-0: Swinging Strike
0-1: Called Strike
0-2: Ball
1-2: Foul Ball, location: 2F
1-2: Foul Ball, location: 2F
1-2: DOUBLE (Flyball, 8RXD)
Batting: RHB Jim Unknown 0-0: Called Strike
0-1: Ball
1-1: Ball
2-1: Called Strike
2-2: Ground out 6-3 (Groundball, 56)
Batting: RHB Fernando Arévalo 0-0: Fly out, F6 (Line Drive, 4M)
Top of the 1st over - 0 run(s), 1 hit(s), 0 error(s), 1 left on base; Columbia 0 - Gwinnett County 0
BOTTOM OF THE 1ST
Gwinnett County Black Cats batting - Pitching for Columbia River Rats : RHP Elend Venture
Pitching: RHP Elend Venture
Batting: RHB Luis Guerrero 0-0: Ball
1-0: Ball
2-0: Ground out 6-3 (Groundball, 6MS)
Batting: LHB Darrell Woodmansee 0-0: Ball
1-0: Called Strike
1-1: Swinging Strike
1-2: Fly out, F8 (Flyball, 8LM)
Batting: RHB Dave Shaw 0-0: Ball
1-0: Fly out, F7 (Line Drive, 78M)
Bottom of the 1st over - 0 run(s), 0 hit(s), 0 error(s), 0 left on base; Columbia 0 - Gwinnett County 0
TOP OF THE 2ND
Columbia River Rats batting - Pitching for Gwinnett County Black Cats : LHP Luis Valéncia
Batting: RHB Marcos Rico 0-0: SOLO HOME RUN (Flyball, 7D), Distance : 408 ft
Batting: LHB Juan Montés 0-0: Ball
1-0: Foul Ball, location: 2F
1-1: SINGLE (Flyball, 8LS)
Batting: LHB Edward Woodstock 0-0: Called Strike
0-1: Foul Ball, location: 2F
0-2: Ball
1-2: Ball
2-2: Ball
3-2: Base on Balls
Juan Montés to second
Batting: LHB Tomás Valenzuela 0-0: Ball
1-0: Swinging Strike
1-1: Foul Ball, location: 2F
1-2: Ball
2-2: Grounds into double play, 4-6-3 (Groundball, 4)
Juan Montés to third
Batting: RHB Miguel Montoya 0-0: Ball
1-0: Foul Ball, location: 2F
1-1: Ball
2-1: Foul Ball, location: 2F
2-2: Foul Ball, location: 2F
2-2: Fly out, F8 (Flyball, 8RM)
Top of the 2nd over - 1 run(s), 2 hit(s), 0 error(s), 1 left on base; Columbia 1 - Gwinnett County 0
BOTTOM OF THE 2ND
Gwinnett County Black Cats batting - Pitching for Columbia River Rats : RHP Elend Venture
Batting: SHB Ted Tullo 0-0: Swinging Strike
0-1: Ball
1-1: Ball
2-1: Ball
3-1: DOUBLE (Line Drive, 9LM)
Batting: RHB King Tracy 0-0: Ball
1-0: Ground out 6-3 (Groundball, 6)
Ted Tullo to third
Batting: RHB Aaron Taylor 0-0: Called Strike
0-1: Swinging Strike
0-2: Strikes out swinging
Batting: LHB Octávio Ontiveros 0-0: Foul Ball, location: 2F
0-1: Foul Ball, location: 2F
0-2: Ground out 4-3 (Groundball, 4MD)
Bottom of the 2nd over - 0 run(s), 1 hit(s), 0 error(s), 1 left on base; Columbia 1 - Gwinnett County 0
TOP OF THE 3RD
Columbia River Rats batting - Pitching for Gwinnett County Black Cats : LHP Luis Valéncia
Batting: RHB Gil Simmons 0-0: Fly out, F8 (Flyball, 8RS)
Batting: RHB José Valéncia 0-0: Called Strike
0-1: Foul Ball, location: 2F
0-2: Strikes out looking
Batting: RHB Jim Unknown 0-0: Ball
1-0: Called Strike
1-1: Called Strike
1-2: Ball
2-2: Foul Ball, location: 2F
2-2: Ball
3-2: Ground out 1-3 (Groundball, 13S)
Top of the 3rd over - 0 run(s), 0 hit(s), 0 error(s), 0 left on base; Columbia 1 - Gwinnett County 0
BOTTOM OF THE 3RD
Gwinnett County Black Cats batting - Pitching for Columbia River Rats : RHP Elend Venture
Batting: RHB Sidney Mackell 0-0: Called Strike
0-1: Ground out 4-3 (Groundball, 4S)
Batting: RHB Chang-lit Min 0-0: Ball
1-0: Ground out 5-3 (Groundball, 56S)
Batting: RHB Luis Guerrero 0-0: Fly out, F8 (Flyball, 8LD)
Bottom of the 3rd over - 0 run(s), 0 hit(s), 0 error(s), 0 left on base; Columbia 1 - Gwinnett County 0
TOP OF THE 4TH
Columbia River Rats batting - Pitching for Gwinnett County Black Cats : LHP Luis Valéncia
Batting: RHB Fernando Arévalo 0-0: Ball
1-0: Fly out, F9 (Flyball, 9S)
Batting: RHB Marcos Rico 0-0: Foul Ball, location: 2F
0-1: Ground out 6-3 (Groundball, 56)
Batting: LHB Juan Montés 0-0: Ball
1-0: Ball
2-0: Swinging Strike
2-1: Ball
3-1: Base on Balls
Batting: LHB Edward Woodstock 0-0: Swinging Strike
0-1: Ball
1-1: Ball
2-1: Fielders Choice at 2nd, U4 (Groundball, 4M)
Top of the 4th over - 0 run(s), 0 hit(s), 0 error(s), 1 left on base; Columbia 1 - Gwinnett County 0
BOTTOM OF THE 4TH
Gwinnett County Black Cats batting - Pitching for Columbia River Rats : RHP Elend Venture
Batting: LHB Darrell Woodmansee 0-0: Called Strike
0-1: Ball
1-1: Foul Ball, location: 2F
1-2: Ball
2-2: Strikes out swinging
Batting: RHB Dave Shaw 0-0: Ball
1-0: Called Strike
1-1: Ball
2-1: Foul Ball, location: 2F
2-2: Ball
3-2: Foul Ball, location: 2F
3-2: Base on Balls
Batting: SHB Ted Tullo 0-0: Ball
1-0: Ball
2-0: Called Strike
2-1: Fly out, F7 (Line Drive, 7)
Batting: RHB King Tracy 0-0: DOUBLE (Line Drive, 7LM)
Dave Shaw to third
Batting: RHB Aaron Taylor 0-0: Called Strike
0-1: Fly out, F4 (Popup, 4MD)
Bottom of the 4th over - 0 run(s), 1 hit(s), 0 error(s), 2 left on base; Columbia 1 - Gwinnett County 0
TOP OF THE 5TH
Columbia River Rats batting - Pitching for Gwinnett County Black Cats : LHP Luis Valéncia
Batting: LHB Tomás Valenzuela 0-0: Ball
1-0: Ball
2-0: Swinging Strike
2-1: Ball
3-1: DOUBLE (Flyball, 89D)
Batting: RHB Miguel Montoya 0-0: SINGLE (Flyball, 7S)
Tomás Valenzuela to third
Batting: RHB Gil Simmons 0-0: Ball
1-0: Ground out 5-3 (Groundball, 56S)
Tomás Valenzuela scores
Miguel Montoya to second
Batting: RHB José Valéncia 0-0: Called Strike
0-1: Swinging Strike
0-2: Ball
1-2: Strikes out swinging
Batting: RHB Jim Unknown 0-0: Ball
1-0: Ball
2-0: Called Strike
2-1: Ball
3-1: Base on Balls
Batting: RHB Fernando Arévalo 0-0: Called Strike
0-1: Fly out, F6 (Line Drive, 6M)
Top of the 5th over - 1 run(s), 2 hit(s), 0 error(s), 2 left on base; Columbia 2 - Gwinnett County 0
BOTTOM OF THE 5TH
Gwinnett County Black Cats batting - Pitching for Columbia River Rats : RHP Elend Venture
Batting: LHB Octávio Ontiveros 0-0: Ball
1-0: Ball
2-0: Ball
3-0: Called Strike
3-1: Fly out, F9 (Flyball, 9)
Batting: RHB Sidney Mackell 0-0: Ball
1-0: Called Strike
1-1: Ball
2-1: Fly out, F2 (Popup, 25)
Batting: RHB Chang-lit Min 0-0: Fly out, F9 (Flyball, 9S)
Bottom of the 5th over - 0 run(s), 0 hit(s), 0 error(s), 0 left on base; Columbia 2 - Gwinnett County 0
TOP OF THE 6TH
Columbia River Rats batting - Pitching for Gwinnett County Black Cats : LHP Luis Valéncia
Batting: RHB Marcos Rico 0-0: Ball
1-0: Ball
2-0: Ball
3-0: Called Strike
3-1: Called Strike
3-2: Foul Ball, location: 2F
3-2: Foul Ball, location: 2F
3-2: Strikes out swinging
Batting: LHB Juan Montés 0-0: Ball
1-0: Swinging Strike
1-1: Foul Ball, location: 2F
1-2: Ground out 1-3 (Groundball, 13S)
Batting: LHB Edward Woodstock 0-0: Called Strike
0-1: Ground out 4-3 (Groundball, 34)
Top of the 6th over - 0 run(s), 0 hit(s), 0 error(s), 0 left on base; Columbia 2 - Gwinnett County 0
BOTTOM OF THE 6TH
Gwinnett County Black Cats batting - Pitching for Columbia River Rats : RHP Elend Venture
Batting: RHB Luis Guerrero 0-0: Called Strike
0-1: Ball
1-1: Fly out, F8 (Line Drive, 8RM)
Batting: LHB Darrell Woodmansee 0-0: Ball
1-0: Fly out, F8 (Flyball, 8LM)
Batting: RHB Dave Shaw 0-0: Foul Ball, location: 2F
0-1: Ball
1-1: Ball
2-1: Foul Ball, location: 2F
2-2: Strikes out swinging
Bottom of the 6th over - 0 run(s), 0 hit(s), 0 error(s), 0 left on base; Columbia 2 - Gwinnett County 0
TOP OF THE 7TH
Columbia River Rats batting - Pitching for Gwinnett County Black Cats : LHP Luis Valéncia
Batting: LHB Tomás Valenzuela 0-0: SINGLE (Groundball, 34D)
Batting: RHB Miguel Montoya 0-0: Ball
1-0: Ball
2-0: Sac Bunt - play at first, batter OUT! 1-3
Tomás Valenzuela to second
Batting: RHB Gil Simmons 0-0: Called Strike
0-1: DOUBLE (Line Drive, 7LM)
Tomás Valenzuela scores
Batting: RHB José Valéncia 0-0: Intentional Walk
Batting: RHB Jim Unknown 0-0: Called Strike
0-1: Fielders Choice at 2nd, 1-6 (Groundball, P)
Gil Simmons to third
Batting: RHB Fernando Arévalo 0-0: Called Strike
0-1: Ball
1-1: Ground out 5-3 (Groundball, 5S)
Top of the 7th over - 1 run(s), 2 hit(s), 0 error(s), 2 left on base; Columbia 3 - Gwinnett County 0
BOTTOM OF THE 7TH
Gwinnett County Black Cats batting - Pitching for Columbia River Rats : RHP Elend Venture
Batting: SHB Ted Tullo 0-0: Ball
1-0: Fly out, F8 (Flyball, 8RM)
Batting: RHB King Tracy 0-0: Ground out 6-3 (Groundball, 6S)
Batting: RHB Aaron Taylor 0-0: Ball
1-0: Ball
2-0: SINGLE (Line Drive, 4)
Batting: LHB Octávio Ontiveros 0-0: Ball
1-0: Called Strike
1-1: DOUBLE (Line Drive, 89M)
Aaron Taylor to third
Batting: RHB Sidney Mackell 0-0: Called Strike
0-1: Ball
1-1: Swinging Strike
1-2: Strikes out looking
Bottom of the 7th over - 0 run(s), 2 hit(s), 0 error(s), 2 left on base; Columbia 3 - Gwinnett County 0
TOP OF THE 8TH
Columbia River Rats batting - Pitching for Gwinnett County Black Cats : LHP Luis Valéncia
Batting: RHB Marcos Rico 0-0: Fly out, F8 (Flyball, 8LD)
Batting: LHB Juan Montés 0-0: Ball
1-0: Ball
2-0: Ball
3-0: Called Strike
3-1: Fly out, F4 (Popup, 4)
Batting: LHB Edward Woodstock 0-0: Called Strike
0-1: Ball
1-1: Swinging Strike
1-2: Foul Ball, location: 2F
1-2: Foul Ball, location: 2F
1-2: Ball
2-2: SINGLE (Line Drive, 34)
Pitching: RHP Héctor Salazar
Batting: LHB Tomás Valenzuela 0-0: Ground out 1-3 (Groundball, P)
Top of the 8th over - 0 run(s), 1 hit(s), 0 error(s), 1 left on base; Columbia 3 - Gwinnett County 0
BOTTOM OF THE 8TH
Gwinnett County Black Cats batting - Pitching for Columbia River Rats : RHP Elend Venture
Batting: RHB Chang-lit Min 0-0: Swinging Strike
0-1: Swinging Strike
0-2: Foul Ball, location: 2F
0-2: Strikes out looking
Batting: RHB Luis Guerrero 0-0: Called Strike
0-1: Called Strike
0-2: Ball
1-2: Fly out, F7 (Line Drive, 7)
Batting: LHB Darrell Woodmansee 0-0: Ball
1-0: SINGLE (Line Drive, 3L)
Batting: RHB Dave Shaw 0-0: Ball
1-0: Called Strike
1-1: Ball
2-1: Ball
3-1: Fly out, F2 (Popup, 13)
Bottom of the 8th over - 0 run(s), 1 hit(s), 0 error(s), 1 left on base; Columbia 3 - Gwinnett County 0
TOP OF THE 9TH
Columbia River Rats batting - Pitching for Gwinnett County Black Cats : RHP Héctor Salazar
Pitching: RHP Nick Fowler
Batting: RHB Miguel Montoya 0-0: Ground out 4-3 (Groundball, 4S)
Batting: RHB Gil Simmons 0-0: Ball
1-0: Called Strike
1-1: Ball
2-1: SINGLE (Groundball, 6MD)
Batting: RHB José Valéncia 0-0: Called Strike
0-1: Foul Ball, location: 2F
0-2: Ball
Wild Pitch!
Gil Simmons to second
1-2: Strikes out swinging
Batting: RHB Jim Unknown 0-0: Called Strike
0-1: Foul Ball, location: 2F
0-2: Ball
1-2: Ball
2-2: Strikes out swinging
Top of the 9th over - 0 run(s), 1 hit(s), 0 error(s), 1 left on base; Columbia 3 - Gwinnett County 0
BOTTOM OF THE 9TH
Gwinnett County Black Cats batting - Pitching for Columbia River Rats : RHP Elend Venture
Pitching: RHP Jim Unknown
Batting: SHB Ted Tullo 0-0: Called Strike
0-1: Ball
1-1: Foul Ball, location: 2F
1-2: Fly out, F9 (Flyball, 89D)
Batting: RHB King Tracy 0-0: Ground out 5-3 (Groundball, 5)
Batting: RHB Aaron Taylor 0-0: Swinging Strike
0-1: Ball
1-1: Ball
2-1: Swinging Strike
2-2: Strikes out looking
Bottom of the 9th over - 0 run(s), 0 hit(s), 0 error(s), 0 left on base; Columbia 3 - Gwinnett County 0
Friday, December 30th, 2016 - OOTP Baseball 17.12 Build 75